 Dungeon Crawl Stone Soup version 0.25-a0-737-g26c3a87c45 (webtiles) character file.

Game seed: 4142181173679989829, levelgen mode: deterministic

3417376 jt the Bringer of Light (level 27, 218/218 HPs)
             Began as a Gargoyle Wanderer on Apr 12, 2020.
             Was the Champion of the Shining One.
             Escaped with the Orb
             ... and 6 runes!
             The game lasted 06:41:22 (99578 turns).

jt the Bringer of Light (Gargoyle Wanderer)        Turns: 99578, Time: 06:41:23

Health: 218/218    AC: 71    Str: 25    XL:     27
Magic:  40/40      EV:  9    Int: 20    God:    the Shining One [******]
Gold:   5693       SH: 37    Dex:  9    Spells: 35/42 levels left

rFire    + + .     SeeInvis +   a - +9 sacred scourge (holy)
rCold    + + .     Gourm    .   g - +8 tower shield
rNeg     + + +     Faith    .   Z - +12 gold dragon scales
rPois    ∞         Spirit   .   q - +3 crown of Dyrovepreva {rElec Int+2 SInv}
rElec    +         Reflect  +   Y - +2 cloak {MR+}
rCorr    .         Harm     .   d - +2 pair of gloves {archery}
MR       ++++.                  m - +2 pair of boots of Wehioka {+Fly rPois Dex-3 Slay+2}
Stlth    ..........             o - +4 amulet of reflection
HPRegen  0.46/turn              W - ring "Fiut" {rF+ Dex+2 Stlth+}
MPRegen  0.27/turn              A - ring "Ylodaimp" {rC+ MR+ Slay+2}

@: flying, glowing, studying Axes
A: big wings, beak, clever 1, negative energy resistance 1, robust 1,
electricity resistance, unbreathing, petrification resistance, rot immunity,
subdued magic 1, AC +20
0: Orb of Zot
}: 6/15 runes: barnacled, silver, iron, bone, abyssal, gossamer
a: Stop Flying, Divine Shield, Cleansing Flame, Summon Divine Warrior, Renounce
Religion


You escaped.
You worshipped the Shining One.
The Shining One was exalted by your worship.
You were not hungry.

You visited 14 branches of the dungeon, and saw 68 of its levels.
You visited the Abyss 1 time.
You visited 1 bazaar.
You visited 1 ziggurat, and saw 10 of its levels.
You also visited: Gauntlet, Ice Cave, Wizlab and Desolation.

You collected 10254 gold pieces.
You spent 4561 gold pieces at shops.

Inventory:

Hand Weapons
 a - a +9 sacred scourge of holy wrath (weapon)
Missiles
 h - 13 javelins
 w - 44 silver javelins (quivered)
 y - 13 curare-tipped darts
 J - 7 throwing nets
Armour
 d - a +2 pair of gloves of archery (worn)
 g - a +8 tower shield (worn)
 i - a scarf of resistance
 m - the +2 pair of boots of Wehioka (worn) {+Fly rPois Dex-3 Slay+2}
   (You found it in a Gauntlet)

   It affects your dexterity (-3).
   It affects your accuracy and damage with ranged weapons and melee attacks
   (+2).
   It protects you from poison.
   It lets you fly.
 q - the +3 crown of Dyrovepreva (worn) {rElec Int+2 SInv}
   (You found it on level 1 of the Spider Nest)

   It affects your intelligence (+2).
   It insulates you from electricity.
   It lets you see invisible.
 X - a scarf of cloud immunity
 Y - a +2 cloak of magic resistance (worn)
 Z - +12 gold dragon scales (worn)
Magical Staves
 R - an uncursed staff of wizardry
Jewellery
 o - a +4 amulet of reflection (around neck)
 A - the ring "Ylodaimp" (right hand) {rC+ MR+ Slay+2}
   (You found it on level 9 of a ziggurat)

   [ring of protection from cold]

   It affects your accuracy and damage with ranged weapons and melee attacks
   (+2).
   It protects you from cold.
   It affects your resistance to hostile enchantments.
 B - an uncursed ring of wizardry
 C - the ring "Vuytoaf" {MR+ AC+5 Int+3}
   (You acquired it on level 2 of the Vaults)

   [ring of protection]

   It affects your AC (+5).
   It affects your intelligence (+3).
   It affects your resistance to hostile enchantments.
 Q - the ring of Fuoguz {rElec rCorr Str+3 Int+4 Dex-5}
   (You found it on level 5 of the Vaults)

   [ring of resist corrosion]

   It affects your strength (+3).
   It affects your intelligence (+4).
   It affects your dexterity (-5).
   It insulates you from electricity.
   It provides partial protection from all sources of acid and corrosion.
 W - the ring "Fiut" (left hand) {rF+ Dex+2 Stlth+}
   (You found it on level 5 of the Vaults)

   [ring of protection from fire]

   It affects your dexterity (+2).
   It protects you from fire.
   It makes you more stealthy.
Wands
 c - a wand of digging (16)
 H - a wand of scattershot (9)
Scrolls
 l - 27 scrolls of teleportation
 t - 34 scrolls of remove curse
 u - 7 scrolls of identify
 v - 2 scrolls of fog
 x - 13 scrolls of fear
 D - 8 scrolls of summoning
 F - 10 scrolls of silence
 I - 8 scrolls of blinking
 M - 4 scrolls of holy word
Potions
 e - 2 potions of lignification
 k - 3 potions of cancellation
 n - 2 potions of resistance
 r - 3 potions of might
 s - 24 potions of curing
 z - 6 potions of ambrosia
 E - 8 potions of heal wounds
 K - 6 potions of brilliance
 N - 2 potions of haste
 P - 5 potions of magic
Books
 S - a manual of Axes
Miscellaneous
 b - a lightning rod (4/4)
 p - 7 boxes of beasts
 T - 11 phantom mirrors
 U - a phial of floods
 V - 10 tins of tremorstones
Comestibles
 f - 71 rations


   Skills:
 O Level 27 Fighting
 - Level 17.0 Maces & Flails
 + Level 13.0 Throwing
 - Level 21.8 Armour
 - Level 8.0 Dodging
 - Level 5.0 Stealth
 - Level 25.0 Shields
 - Level 8.0 Spellcasting
 + Level 8.0 Hexes
 - Level 10.0 Translocations
 + Level 10.4 Earth Magic
 O Level 27 Invocations
 - Level 16.3 Evocations


You had 35 spell levels left.
You knew the following spells:

 Your Spells              Type           Power        Failure   Level  Hunger
a - Apportation           Tloc           #####.       1%          1    None
b - Leda's Liquefaction   Hex/Erth       ####......   21%         4    ###....
c - Blink                 Tloc           N/A          1%          2    None

Your spell library contained the following spells:

 Spells                   Type           Power        Failure   Level  Hunger
 Sandblast                Erth           #####.       1%          1    None
 Corona                   Hex            ####...      2%          1    None
 Gell's Gravitas          Tloc           #####.....   3%          3    None
 Lesser Beckoning         Tloc           #####.....   3%          3    None
 Teleport Other           Tloc           #####...     3%          3    None
 Slow                     Hex            ####....     4%          2    None
 Portal Projectile        Hex/Tloc       ####..       6%          3    None
 Confusing Touch          Hex            ####....     10%         3    None
 Tukima's Dance           Hex            ####....     10%         3    None
 Shroud of Golubria       Chrm/Tloc      ###...       17%         2    None
 Ensorcelled Hibernation  Hex/Ice        ###...       26%         2    None
 Recall                   Summ/Tloc      N/A          32%         3    None
 Stone Arrow              Conj/Erth      ###...       32%         3    None
 Cause Fear               Hex            ####......   32%         4    ###....
 Dazzling Flash           Conj/Hex       ###...       47%         3    None
 Inner Flame              Hex/Fire       ###.....     47%         3    None
 Spectral Weapon          Hex/Chrm       ###.....     47%         3    None
 Summon Guardian Golem    Hex/Summ       ###.....     47%         3    None
 Animate Skeleton         Necr           N/A          67%         1    None
 Beastly Appendage        Tmut           #.....       67%         1    None
 Foxfire                  Conj/Fire      #...         67%         1    None
 Freeze                   Ice            #...         67%         1    None
 Infusion                 Chrm           #...         67%         1    None
 Magic Dart               Conj           #...         67%         1    None
 Pain                     Necr           #...         67%         1    None
 Shock                    Conj/Air       #...         67%         1    None
 Sting                    Tmut/Pois      #...         67%         1    None
 Summon Butterflies       Summ           #.......     67%         1    None
 Summon Small Mammal      Summ           #...         67%         1    None
 Petrify                  Tmut/Erth      ###.....     73%         4    ###....
 Iskenderun's Mystic Bla  Conj/Tloc      ###.....     75%         4    ###....
 Call Imp                 Summ           #.......     80%         2    None
 Corpse Rot               Necr/Air       N/A          80%         2    None
 Poisonous Vapours        Pois/Air       #.....       80%         2    None
 Searing Ray              Conj           #.....       80%         2    None
 Song of Slaying          Chrm           #.......     80%         2    None
 Sticks to Snakes         Tmut           #.......     80%         2    None
 Swiftness                Chrm/Air       #.......     80%         2    None
 Fulminant Prism          Conj/Hex       ###.......   87%         4    ###....
 Dispersal                Tloc           #####.....   93%         6    ######.
 Call Canine Familiar     Summ           #.......     96%         3    None
 Conjure Flame            Conj/Fire      #.......     96%         3    None
 Frozen Ramparts          Ice            #.....       96%         3    None
 Ignite Poison            Fire/Tmut/Pois #.......     96%         3    None
 Mephitic Cloud           Conj/Pois/Air  #.......     96%         3    None
 Ozocubu's Armour         Chrm/Ice       #.......     96%         3    None
 Spider Form              Tmut/Pois      #.........   96%         3    None
 Static Discharge         Conj/Air       #.......     96%         3    None
 Vampiric Draining        Necr           #.........   96%         3    None
 Borgnjor's Vile Clutch   Necr/Erth      ###.......   97%         5    #####..
 Summon Forest            Summ/Tloc      ###.......   98%         5    #####..
 Metabolic Englaciation   Hex/Ice        ###.......   99%         5    #####..
 Silence                  Hex/Air        ###.......   99%         5    #####..
 Summon Mana Viper        Hex/Summ       ###.....     99%         5    #####..
 Yara's Violent Unravell  Hex/Tmut       ###.......   99%         5    #####..
 Darkness                 Hex            ####......   99%         6    ######.
 Invisibility             Hex            ####....     99%         6    ######.
 Airstrike                Air            #.........   100%        4    ###....
 Animate Dead             Necr           N/A          100%        4    ###....
 Dispel Undead            Necr           #.......     100%        4    ###....
 Ice Form                 Ice/Tmut       #.......     100%        4    ###....
 Olgreb's Toxic Radiance  Pois           #.......     100%        4    ###....
 Sticky Flame             Conj/Fire      #.......     100%        4    ###....
 Summon Ice Beast         Ice/Summ       #.......     100%        4    ###....
 Summon Lightning Spire   Summ/Air       #.......     100%        4    ###....
 Agony                    Necr           #.......     100%        5    #####..
 Alistair's Intoxication  Tmut/Pois      #.......     100%        5    #####..
 Aura of Abjuration       Summ           #.........   100%        5    #####..
 Blade Hands              Tmut           #.........   100%        5    #####..
 Bolt of Magma            Conj/Fire/Erth ###.......   100%        5    #####..
 Excruciating Wounds      Chrm/Necr      #.........   100%        5    #####..
 Fireball                 Conj/Fire      #.........   100%        5    #####..
 Irradiate                Conj/Tmut      #.........   100%        5    #####..
 Iskenderun's Battlesphe  Conj/Chrm      #.......     100%        5    #####..
 Lightning Bolt           Conj/Air       #.........   100%        5    #####..
 Summon Demon             Summ           #.........   100%        5    #####..
 Death Channel            Necr           #.........   100%        6    ######.
 Deflect Missiles         Chrm/Air       #.........   100%        6    ######.
 Eringya's Noxious Bog    Tmut/Pois      #.........   100%        6    ######.
 Freezing Cloud           Conj/Ice/Air   #.........   100%        6    ######.
 Hydra Form               Tmut           #.........   100%        6    ######.
 Iron Shot                Conj/Erth      ###.......   100%        6    ######.
 Ozocubu's Refrigeration  Ice            #.........   100%        6    ######.
 Shadow Creatures         Summ           N/A          100%        6    ######.
 Simulacrum               Ice/Necr       #.........   100%        6    ######.
 Starburst                Conj/Fire      #.........   100%        6    ######.
 Dragon Form              Tmut           #.........   100%        7    #######
 Malign Gateway           Summ/Tloc      ###.......   100%        7    #######
 Orb of Destruction       Conj           #.........   100%        7    #######
 Ring of Flames           Chrm/Fire      #.........   100%        7    #######
 Spellforged Servitor     Conj/Summ      #.........   100%        7    #######
 Summon Hydra             Summ           #.........   100%        7    #######
 Controlled Blink         Tloc           N/A          100%        8    #######
 Discord                  Hex            ####......   100%        8    #######
 Disjunction              Tloc           #####.....   100%        8    #######
 Ignition                 Fire           #.........   100%        8    #######
 Shatter                  Erth           #####.....   100%        9    #######
 Passage of Golubria      Tloc           Unusable     N/A         4    N/A
 Sublimation of Blood     Necr           Unusable     N/A         2    N/A
 Statue Form              Tmut/Erth      Unusable     N/A         6    N/A

Dungeon Overview and Level Annotations

Branches:
Dungeon (15/15)            Temple (0/1) D:7            Lair (6/6) D:10
 Shoals (4/4) Lair:2       Spider (4/4) Lair:2        Slime (0/5) Lair:6
    Orc (2/2) D:11            Elf (3/3) Orc:2        Vaults (5/5) D:13
  Crypt (3/3) Vaults:2       Tomb (1/3) Crypt:3      Depths (5/5) D:15
   Hell (visited)             Dis (7/7) Hell            Geh (0/7) Hell
    Coc (0/7) Hell            Tar (7/7) Hell            Zot (5/5) Depths:5
  IceCv (visited)          WizLab (visited)         Desolation (visited)
Gauntlet (visited)

Altars:
Ashenzari
Cheibriados
Fedhas
Gozag
Kikubaaqudgha
Makhleb
Qazlal
Ru
Uskayaw
Vehumet
Wu Jian
Xom
Yredelemnul
Zin
The Shining One

Shops:
D:4 *   Orc:2 (!:}%   Shoals:3 *   Vaults:1 }   Vaults:2 ?   Vaults:4 ?
Depths:4 }==(

Portals:
Hell: Depths:1 Depths:2 Depths:3 Depths:4 Depths:5
Abyss: Depths:2 Depths:4
Pandemonium: Depths:3 Depths:4

Annotations:
Hell exclusion: 2 ice statues
Dis:7 10 runed doors


Innate Abilities, Weirdness & Mutations

You are resistant to torment.
Your stone body is resilient. (AC +20)
You are immune to poison.
Your large and strong wings let you fly indefinitely.
You resist negative energy. (rN+)
You are resistant to electric shocks. (rElec)
You can survive without breathing.
You are immune to petrification.
You are immune to rotting.
You have a beak for a mouth.
Your mind is acute. (Int +2)
You are robust. (+10% HP)
Your spells are a little easier to cast, but a little less powerful.


Message History

You thrash the hell beast!!
The hell beast convulses.
The hell beast is almost dead.
The hell beast bites you but does no damage.
You block the hell beast's attack.
You thrash the hell beast!!
You kill the hell beast!
The Shining One accepts your kill.
(D) Dungeon (T) Temple (L) Lair (A) Shoals (N) Spider Nest (M) Slime Pits (O) Orcish Mines (E) Elven Halls (V) Vaults (C) Crypt (W) Tomb (U) Depths (H) Hell (I) Dis (G) Gehenna (X) Cocytus (Y) Tartarus (Z) Zot
Where to? (Enter - D:1 @ (x,y), ? - help)
There is an open door here.
A Brimstone Fiend comes into view.
There is a staircase leading out of the dungeon here.
You block the Brimstone Fiend's attack.
The Brimstone Fiend hits you but does no damage.
You block the Brimstone Fiend's attack.
You have escaped!

...........###....#
##..........##....#
)............#....#
##.#....#.#########
#....###.#.#....#
##..###..#.'....#
#..# #.##.#....#
###.####.##.#....#
............'..1@#
....##.####.#....#
...###.# #.#....#
#### #.# ##.'....#
### #.# #..#....#
..## #.###.#######
#..###..........#
......####....).#
................#


You could see a Brimstone Fiend.

Vanquished Creatures
  Ereshkigal (Tar:7)
  Dispater (Dis:7)
  8 ancient liches
  2 orbs of fire (Zot:5)
  2 juggernauts (Depths:5)
  Boris (Vaults:3)
  A greater mummy (Tomb:1)
  Margery (Depths:3)
  9 Killer Klowns
  Xtahua (Depths:3)
  Bai Suzhen (Depths:3)
  Saint Roka (Vaults:3)
  A caustic shrike (Depths:5)
  3 shard shrikes (Zot:5)
  Geryon (Hell)
  5 golden dragons
  6 bone dragons
  Arachne (Spider:3)
  4 electric golems
  11 Tzitzimimeh
  2 Brimstone Fiends
  7 doom hounds
  3 pandemonium lords
  7 iron giants (Dis:7)
  5 titans
  5 Ice Fiends
  20 tentacled monstrosities
  12 Hell Sentinels
  28 Orb Guardians
  2 deep elf blademasters (Elf:3)
  2 acid blobs (Zot:2)
  7 liches
  9 quicksilver dragons
  An Executioner (Zot:1)
  The ghost of Glokmah the Bludgeoner, an adept MiFi of Nemelex Xobeh (Spider:4)
  10 sphinxes
  10 ancient champions
  A deep elf master archer (Elf:3)
  2 eldritch tentacles
  9 death cobs
  2 krakens
  2 tentacled starspawn (WizLab)
  Agnes (Depths:4)
  16 storm dragons
  A nagaraja (Zig:6)
  A shadow dragon (shapeshifter) (Zig:10)
  8 tengu reavers
  4 revenants
  3 draconian monks
  2 azure jellies (shapeshifter)
  2 daevas
  13 shadow dragons
  Ilsuiw (Shoals:4)
  6 draconian knights
  10 deep elf sorcerers
  9 vault wardens
  8 balrugs
  14 frost giants
  10 fire giants
  8 draconian scorchers
  The ghost of Esekla the Carver, a journeyman BaWr of Gozag (Orc:2)
  4 imperial myrmidons (Desolation)
  Louise (Depths:2)
  4 ghost moths
  Aizul (Vaults:3)
  4 spriggan defenders
  An angel (Zot:5)
  3 cacodemons (Dis:7)
  9 ghouls
  13 iron dragons
  8 emperor scorpions
  5 draconian annihilators
  2 draconian stormcallers
  25 very ugly things
  4 deep elf elementalists
  19 stone giants
  A caustic shrike skeleton (Depths:5)
  3 curse skulls
  15 ironheart preservers
  24 war gargoyles
  51 reapers
  11 vampire knights
  9 entropy weavers
  6 deep elf annihilators
  A yellow draconian (shapeshifter) (Zot:2)
  A stone giant (shapeshifter) (Zot:2)
  10 green draconians
  9 black draconians
  2 bennus (Tomb:1)
  A minotaur (Gauntlet)
  2 purple draconians (shapeshifter) (Zot:2)
  2 halazid warlocks (Desolation)
  11 deep elf demonologists
  3 lorocyprocas
  6 purple draconians
  10 red draconians
  7 spark wasps
  2 dire elephants (shapeshifter) (Zig:10)
  7 white draconians
  6 yellow draconians
  3 merfolk javelineers
  6 blizzard demons
  11 merfolk impalers
  18 ettins
  A green death (Dis:7)
  11 fire dragons
  4 eidola
  9 deep elf death magi
  6 crystal guardians
  A jiangshi (Crypt:1)
  6 ragged hierophants (Desolation)
  14 yaktaur captains
  7 mummy priests (Tomb:1)
  5 deep elf high priests
  A kraken zombie (Hell)
  3 quicksilver dragon zombies
  8 ice dragons
  A naga warrior (Zig:6)
  7 great orbs of eyes
  7 hydras
  7 spriggan air magi
  6 merfolk avatars
  A monstrous demonspawn (Depths:3)
  30 vault guards
  A shambling mangrove (Abyss:4)
  7 peacekeepers (Desolation)
  3 ghost crabs
  3 hell beasts
  8 rakshasas
  10 centaur warriors
  3 servants of whispers (Desolation)
  A catoblepas (Lair:6)
  3 anacondas (shapeshifter)
  4 merfolk aquamancers
  37 dancing weapons
  12 ogre magi
  A satyr (Shoals:4)
  3 death knights
  5 deep troll earth magi
  30 two-headed ogres
  10 hell hogs
  15 death scarabs (Tomb:1)
  A death yak (IceCv)
  2 spriggan berserkers
  9 deep troll shamans
  4 tengu warriors
  6 titan zombies
  2 thrashing horrors
  A death yak (shapeshifter) (Zig:9)
  3 shock serpents (Zig:6)
  23 deep elf knights
  6 vampire magi
  2 naga sharpshooters (Zig:6)
  7 orc high priests
  12 soul eaters
  3 storm dragon zombies
  2 sixfirhies
  A titan skeleton (Tar:3)
  A wretched star (Hell)
  10 sun demons
  A fire crab (Abyss:4)
  A fire crab (shapeshifter) (Depths:4)
  31 hell knights
  7 iron golems
  17 shadow wraiths
  19 iron trolls
  78 skeletal warriors
  An unseen horror (shapeshifter) (Vaults:2)
  2 golden dragon zombies
  3 anaconda zombies
  38 deep trolls
  4 wizards
  12 sea snakes
  16 shadow demons
  A ghost moth zombie (Tar:1)
  3 unseen horrors
  5 glowing orange brains
  2 deep trolls (shapeshifter)
  An orange crystal statue (Tomb:1)
  A shadow dragon zombie (Crypt:3)
  10 flayed ghosts
  An obsidian statue (WizLab)
  A golden dragon skeleton (Crypt:3)
  A swamp dragon (Lair:6)
  25 ironbrand convokers
  2 anaconda skeletons
  A harpy (shapeshifter) (Vaults:4)
  A death drake (Tar:7)
  13 deep elf archers
  An infernal demonspawn (Depths:3)
  3 stone giant zombies
  3 wolf spider zombies
  An iron dragon zombie (Tar:6)
  5 fauns (Shoals:1)
  15 necromancers
  A lindwurm (shapeshifter) (Vaults:4)
  19 phantasmal warriors
  34 harpies
  5 orc sorcerers
  A mana viper (shapeshifter) (Depths:5)
  28 orb spiders
  A shining eye (shapeshifter) (Elf:3)
  33 ugly things
  3 frost giant zombies
  14 orc knights
  69 deep elf magi
  31 wolf spiders
  15 manticores
  A salamander (shapeshifter) (Vaults:5)
  7 fire giant zombies
  5 oklob plants
  30 moths of wrath
  2 worldbinders
  3 cyclopes
  An iron dragon skeleton (Tar:1)
  An elephant (shapeshifter) (Zig:10)
  22 vault sentinels
  A dire elephant zombie (Tar:7)
  A cyclops (shapeshifter) (D:12)
  5 merfolk sirens
  A naga mage (Zig:6)
  5 apocalypse crabs
  6 black mambas
  4 stone giant skeletons
  An ice statue (IceCv)
  39 rust devils
  6 elephants
  The ghost of balackLT the Grappler, a novice TrFi of Hepliaklqana (D:6)
  6 water nymphs
  A shock serpent skeleton (Crypt:1)
  5 guardian serpents
  9 spiny frogs
  2 frost giant skeletons (Tar:7)
  4 smoke demons
  2 gargoyles
  2 fire giant skeletons
  An orange demon (Depths:4)
  An efreet (Zig:7)
  3 rime drakes
  A spriggan skeleton (Depths:2)
  A minotaur zombie (Gauntlet)
  50 yaktaurs
  2 demonspawn skeletons (WizLab)
  A spiny frog (shapeshifter) (Vaults:2)
  A rime drake (shapeshifter) (Depths:5)
  14 demonic crawlers
  A dire elephant skeleton (Crypt:1)
  2 emperor scorpion zombies
  12 hellions
  A swamp worm zombie (Crypt:1)
  A pale draconian zombie (Crypt:1)
  3 spriggan zombies
  3 hellwings
  9 komodo dragons
  An ancient zyme (WizLab)
  12 freezing wraiths
  A minotaur skeleton (Crypt:2)
  13 ice devils
  24 tormentors
  A death yak skeleton (Crypt:2)
  3 hydra zombies
  A komodo dragon (shapeshifter) (Depths:3)
  A tengu conjurer (Depths:4)
  15 polar bears
  8 red devils
  A jumping spider (shapeshifter) (Depths:5)
  2 queen bees (shapeshifter)
  25 merfolk
  A meliai (shapeshifter) (Elf:1)
  17 guardian mummies
  29 jumping spiders
  2 harpy zombies (Zot:2)
  3 hornets (shapeshifter)
  9 trolls
  18 hornets
  5 wind drakes
  2 wind drakes (shapeshifter)
  A harpy skeleton (Dis:7)
  2 alligator zombies
  3 silent spectres
  47 saltlings (Desolation)
  10 raiju
  29 slime creatures
  3 fire dragon zombies
  17 blink frogs
  14 hippogriffs
  A slime creature (shapeshifter) (Depths:5)
  13 dream sheep
  A dream sheep (shapeshifter) (Vaults:4)
  A raiju (shapeshifter) (Vaults:4)
  3 ettin zombies
  An ice dragon zombie (Dis:7)
  9 snapping turtles
  A black mamba zombie (Tar:7)
  3 bog bodies (Crypt:1)
  A fire giant simulacrum (Vaults:3)
  61 flying skulls
  76 redbacks
  A redback (shapeshifter) (Vaults:5)
  4 air elementals
  2 ettin skeletons
  A basilisk (shapeshifter) (D:15)
  4 spriggans
  47 tarantellas
  15 wraiths
  25 water elementals
  7 large abominations
  10 shadows
  A tarantella (shapeshifter) (Depths:5)
  A vampire (D:15)
  5 wyverns
  An ice dragon skeleton (Crypt:3)
  A black mamba skeleton (Tar:7)
  15 fire elementals
  2 ushabtiu (Tomb:1)
  31 yaks
  7 basilisks
  5 hungry ghosts
  A wind drake skeleton (Crypt:1)
  4 chaos spawn
  4 neqoxecs
  3 steam dragons (Lair:6)
  6 vampire mosquitoes
  Menkaure (D:6)
  An insubstantial wisp (WizLab)
  5 wargs
  Edmund (D:6)
  A soldier ant (shapeshifter) (Depths:5)
  5 acid dragons
  24 hell hounds
  2 spatial vortices (WizLab)
  A naga (Zig:6)
  5 spiny frog zombies
  A floating eye (shapeshifter) (Depths:5)
  A hydra simulacrum (Hell)
  A water moccasin (shapeshifter) (Vaults:5)
  Duvessa (D:6)
  13 porcupines
  5 small abominations
  A porcupine (shapeshifter) (Vaults:5)
  17 water moccasins
  11 ice beasts
  A hornet zombie (D:6)
  A spiny frog skeleton (Crypt:1)
  An ice beast (shapeshifter) (Vaults:5)
  2 phantoms
  A swamp drake (Lair:6)
  46 orc warriors
  4 black bears
  A manticore zombie (Tar:1)
  4 snapping turtle zombies
  An elf zombie (Vaults:4)
  2 eyes of draining
  13 necrophages
  4 sky beasts
  An alligator simulacrum (Hell)
  A swamp dragon zombie (Tar:7)
  An eye of draining (shapeshifter) (Elf:2)
  25 wolves
  26 boggarts
  45 ogres
  19 crocodiles
  2 snapping turtle skeletons
  15 centaurs
  27 bullfrogs
  A big kobold (D:11)
  2 elf skeletons
  2 gnoll sergeants (D:11)
  A salamander skeleton (Crypt:2)
  5 earth elementals
  Dowan (D:6)
  A cyclops skeleton (Crypt:1)
  7 scorpions
  2 wyvern skeletons
  A yak skeleton (Crypt:2)
  12 wights
  A raiju skeleton (Crypt:1)
  2 electric eels (Lair:2)
  8 howler monkeys
  3 centaur zombies
  A spectral bullfrog (D:6)
  7 crimson imps
  A human simulacrum (Vaults:2)
  2 quasits
  A bullfrog zombie (D:6)
  9 starcursed masses
  10 hounds
  7 human zombies
  4 centaur skeletons
  25 jellies
  17 orc priests
  A bullfrog skeleton (D:9)
  39 iron imps
  26 orc wizards
  6 iguanas
  2 human skeletons (Crypt:1)
  15 worker ants
  A tengu zombie (Dis:6)
  A demigod zombie (Crypt:2)
  A crocodile skeleton (Crypt:1)
  2 tengu skeletons
  2 hound zombies
  A hound skeleton (D:5)
  24 mummies
  2 howler monkey zombies
  2 worker ant zombies
  7 gnolls
  9 adders
  13 shadow imps
  2 white imps (Depths:4)
  An ufetubus (Depths:4)
  13 oozes
  3 adder skeletons
  2 worms
  2 dart slugs
  4 leopard geckos
  83 orcs
  6 bats
  7 giant cockroaches
  4 goblins
  16 hobgoblins
  17 jackals
  9 kobolds
  5 quokkas
  A ball python skeleton (Crypt:2)
  4 frilled lizards
  A giant cockroach zombie (D:3)
  A jackal skeleton (D:4)
  A jackal zombie (D:8)
  2 leopard gecko zombies
  An orc skeleton (Crypt:3)
  An orc zombie (Dis:7)
  2 quokka skeletons
  13 rats
  3 butterflies
  2 crawling corpses (Elf:3)
  A fungus (Elf:1)
  5 pillars of salt (Vaults:4)
  2 plants (Depths:1)
  A starspawn tentacle (WizLab)
  6 tentacles
3455 creatures vanquished.

Vanquished Creatures (collateral kills)
  Mara (Depths:1)
  A doom hound (Tar:7)
  A tentacled monstrosity (Depths:5)
  Asterion (Spider:3)
  A quicksilver dragon (Depths:5)
  Murray (Depths:1)
  2 shadow dragons (Tar:7)
  An azure jelly (shapeshifter) (Zig:9)
  A fire giant (Depths:5)
  4 reapers
  A very ugly thing (Depths:5)
  3 vampire knights
  A blizzard demon (Depths:1)
  A rakshasa (Depths:1)
  A hell beast (Depths:1)
  A great orb of eyes (Gauntlet)
  A centaur warrior (D:13)
  A deep troll earth mage (Depths:5)
  A shadow wraith (Tar:7)
  A skeletal warrior (Tar:7)
  2 unseen horrors (Depths:1)
  A flayed ghost (Tar:7)
  An orange crystal statue (Depths:1)
  2 shadow demons (Tar:7)
  An orb spider (Spider:3)
  A phantasmal warrior (Tar:7)
  A deep elf mage (D:13)
  A frost giant zombie (Tar:7)
  An ugly thing (Gauntlet)
  2 wolf spiders (Spider:3)
  2 cyclopes (D:13)
  2 slime creatures
  A moth of wrath (Spider:3)
  A stone giant skeleton (Depths:1)
  A fire giant skeleton (Tar:7)
  A merfolk siren (Shoals:4)
  A demonic crawler (Spider:3)
  A freezing wraith (Depths:1)
  A jumping spider (shapeshifter) (Zig:9)
  2 jumping spiders (Spider:3)
  A merfolk (Shoals:4)
  2 flying skulls (Tar:7)
  2 shadows
  A tarantella (Spider:3)
  3 redbacks (Spider:3)
  A hell hound (Tar:7)
  A sky beast (shapeshifter) (Zig:9)
  A necrophage (Tar:7)
  2 boggarts (Depths:1)
  2 shadow imps (Tar:7)
68 creatures vanquished.

Vanquished Creatures (others)
  A deep elf master archer (Elf:3)
  2 eldritch tentacles
  A fire giant (Vaults:5)
  A stone giant (Depths:1)
  3 yaktaur captains
  A great orb of eyes (Depths:4)
  4 centaur warriors
  A dancing weapon (Crypt:3)
  A satyr (Shoals:4)
  A spriggan (Depths:2)
  A deep elf knight (Elf:2)
  4 deep elf archers
  An ugly thing (Vaults:3)
  A deep elf mage (Elf:3)
  3 cyclopes
  A rust devil (Dis:7)
  A vault sentinel (Vaults:1)
  A komodo dragon (D:14)
  7 yaktaurs
  2 polar bears (IceCv)
  A hornet (Depths:2)
  A flying skull (Crypt:3)
  2 water elementals
  2 yaks (IceCv)
  An orc warrior (Vaults:3)
  3 wolves (IceCv)
  4 centaurs
  An iron imp (Dis:7)
  15 fungi
  10 pillars of salt (Vaults:4)
  43 plants
  7 starspawn tentacles (WizLab)
  10 tentacles
138 creatures vanquished.

Grand Total: 3661 creatures vanquished

Notes
Turn   | Place    | Note
-------+----------+-------------------------------------------
     0 | D:1      | jt the Gargoyle Wanderer began the quest for the Orb.
     0 | D:1      | jt set off with the following items: a +2 dagger, 3
                  | curare-tipped darts, a +0 ring mail, a potion of
                  | lignification, a ration
     0 | D:1      | Reached XP level 1. HP: 12/12 MP: 1/1
   157 | D:1      | Reached XP level 2. HP: 13/19 MP: 2/2
   479 | D:1      | Reached XP level 3. HP: 17/24 MP: 3/3
  1130 | D:2      | Reached XP level 4. HP: 29/30 MP: 4/4
  1360 | D:2      | Reached skill level 5 in Fighting
  1724 | D:2      | Found a stormy altar of Qazlal.
  1726 | D:2      | Found a glowing silver altar of Zin.
  2082 | D:3      | Reached XP level 5. HP: 34/35 MP: 5/5
  2272 | D:3      | Found a glowing golden altar of the Shining One.
  2279 | D:3      | Became a worshipper of the Shining One
  2949 | D:4      | Reached XP level 6. HP: 24/41 MP: 6/6
  3439 | D:4      | Found Hoquhyat's Assorted Antiques.
  3829 | D:5      | Entered Level 5 of the Dungeon
  3920 | D:5      | Found a blossoming altar of Fedhas.
  3957 | D:5      | Noticed a phantom
  3988 | D:5      | Killed a phantom
  3988 | D:5      | Reached * piety under the Shining One
  3988 | D:5      | Reached skill level 5 in Maces & Flails
  3988 | D:5      | Reached XP level 7. HP: 43/46 MP: 7/7
  4759 | D:6      | Found an opulent altar of Gozag.
  4828 | D:6      | Got an ebony trident
  4829 | D:6      | Identified the cursed +1 trident of Midwinter {chaos, rF-
                  | Str+3 Stlth+} (You found it on level 6 of the Dungeon)
  4834 | D:6      | Noticed Edmund
  4849 | D:6      | Killed Edmund
  4849 | D:6      | Reached XP level 8. HP: 32/51 MP: 8/8
  4888 | D:6      | Noticed Menkaure
  4899 | D:6      | Killed Menkaure
  5285 | D:6      | Found a snail-covered altar of Cheibriados.
  5439 | D:6      | Found a transporter.
  5439 | D:6      | Noticed balackLT's ghost (novice TrFi)
  5445 | D:6      | Noticed a wraith
  5445 | D:6      | Reached ** piety under the Shining One
  5461 | D:6      | Found a transporter.
  5767 | D:6      | Reached skill level 10 in Maces & Flails
  5767 | D:6      | Reached XP level 9. HP: 50/55 MP: 9/9
  5821 | D:6      | Noticed Dowan
  5826 | D:6      | Noticed Duvessa
  5832 | D:6      | Killed Duvessa
  5832 | D:6      | Reached skill level 1 in Evocations
  5835 | D:6      | Killed Dowan
  6674 | D:7      | Found a staircase to the Ecumenical Temple.
  7236 | D:8      | Found a hide-covered altar of Uskayaw.
  7361 | D:8      | Reached XP level 10. HP: 60/60 MP: 13/13
  7395 | D:8      | Reached skill level 5 in Evocations
  7679 | D:8      | Reached *** piety under the Shining One
  8119 | D:9      | Noticed a two-headed ogre
  8137 | D:9      | Killed a two-headed ogre
  8808 | D:9      | Got a scorched broad axe
  8823 | D:9      | Reached XP level 11. HP: 62/64 MP: 14/14
  8835 | D:9      | Reached skill level 1 in Invocations
  8857 | D:9      | Identified the +2 broad axe "Jaiqomoy" {pain, Str+6} (You
                  | found it on level 9 of the Dungeon)
  9201 | D:10     | Entered Level 10 of the Dungeon
  9201 | D:10     | Noticed a centaur warrior
  9212 | D:10     | Killed a centaur warrior
  9212 | D:10     | Reached skill level 5 in Armour
  9423 | D:10     | Reached **** piety under the Shining One
  9435 | D:10     | Found a staircase to the Lair.
  9908 | D:10     | Noticed a wizard
  9916 | D:10     | Killed a wizard
 10423 | D:11     | Reached ***** piety under the Shining One
 10698 | D:11     | Found a staircase to the Orcish Mines.
 11185 | D:12     | Noticed a cyclops
 11234 | D:12     | Killed a cyclops
 11402 | D:12     | Noticed a brown ugly thing
 11411 | D:12     | Killed a brown ugly thing
 11411 | D:12     | Reached XP level 12. HP: 60/76 MP: 15/15
 11881 | D:12     | Noticed a two-headed ogre
 11895 | D:12     | Killed a two-headed ogre
 12174 | D:13     | Reached skill level 10 in Fighting
 12534 | D:13     | Found a gate to the Vaults.
 12628 | D:13     | Noticed an ettin
 12630 | D:13     | Noticed a centaur warrior
 12688 | D:13     | Found an ornate altar of the Wu Jian Council.
 13072 | D:13     | Reached skill level 10 in Armour
 13760 | Lair:1   | Entered Level 1 of the Lair of Beasts
 13876 | Lair:1   | Reached skill level 5 in Invocations
 14926 | Lair:2   | Noticed a seven-headed hydra
 14944 | Lair:2   | Killed a seven-headed hydra
 15065 | Lair:2   | Reached XP level 13. HP: 84/84 MP: 17/17
 15211 | Lair:2   | Found a staircase to the Shoals.
 15253 | Lair:2   | Found a hole to the Spider Nest.
 15300 | Lair:2   | Found a shattered altar of Ashenzari.
 16060 | Lair:3   | Found a gate leading to a gauntlet.
 16094 | Gauntlet | Entered a Gauntlet
 16094 | Gauntlet | Found a transporter.
 16094 | Gauntlet | Found a transporter.
 16099 | Gauntlet | Found a transporter.
 16114 | Gauntlet | Found a transporter.
 16128 | Gauntlet | Found a transporter.
 16142 | Gauntlet | Found a transporter.
 16156 | Gauntlet | Noticed a great orb of eyes
 16220 | Gauntlet | Found a transporter.
 16235 | Gauntlet | Found a transporter.
 16249 | Gauntlet | Found a transporter.
 16262 | Gauntlet | Found a transporter.
 16278 | Gauntlet | Found a transporter.
 16345 | Gauntlet | Found a transporter.
 16360 | Gauntlet | Found a transporter.
 16361 | Gauntlet | Found a transporter.
 16365 | Gauntlet | Found a transporter.
 16400 | Gauntlet | Found a transporter.
 16451 | Gauntlet | Got a pair of heavily runed boots
 16452 | Gauntlet | Identified the +2 pair of boots of Wehioka {+Fly rPois
                  | Dex-3 Slay+2} (You found it in a Gauntlet)
 16511 | Gauntlet | Got a fine hat
 16512 | Gauntlet | Identified the +3 hat of Himisywn {Dex+3} (You found it in
                  | a Gauntlet)
 16550 | Gauntlet | Killed a great orb of eyes
 16580 | Gauntlet | Identified the ring of Gazug {+Inv rElec rN+}
 16580 | Gauntlet | Noticed a minotaur
 16601 | Gauntlet | Killed a minotaur
 16625 | Gauntlet | Got an ancient ring mail
 16918 | Gauntlet | Identified the cursed +1 ring mail "Wajulum" {rCorr MP+9}
                  | (You found it in a Gauntlet)
 17600 | Lair:4   | Found a frozen archway.
 17609 | IceCv    | Entered an ice cave
 18499 | IceCv    | Noticed a frost giant
 18533 | IceCv    | Killed a frost giant
 18828 | IceCv    | Identified the ring of Contentment {Fire Dex+3 Slay-4 SInv}
                  | (You found it in an ice cave)
 19032 | Lair:4   | Gained mutation: Your large and strong wings let you fly
                  | indefinitely. [Gargoyle growth]
 19032 | Lair:4   | Reached XP level 14. HP: 94/94 MP: 20/20
 20808 | Lair:5   | Reached skill level 10 in Invocations
 20943 | Lair:6   | Entered Level 6 of the Lair of Beasts
 21940 | Lair:6   | Found a staircase to the Slime Pits.
 22607 | Lair:6   | Identified the +6 arbalest of Defiance {freeze, rN++ Int+2}
                  | (You found it on level 6 of the Lair of Beasts)
 23099 | D:6      | Killed balackLT's ghost
 23352 | Orc:1    | Entered Level 1 of the Orcish Mines
 23357 | Orc:1    | Reached XP level 15. HP: 100/101 MP: 22/22
 23565 | Orc:1    | Paralysed by an orc sorcerer for 2 turns
 23573 | Orc:1    | Reached skill level 15 in Fighting
 23619 | Orc:1    | Found a radiant altar of Vehumet.
 23958 | Orc:2    | Entered Level 2 of the Orcish Mines
 23983 | Orc:2    | Found Duiff's Food Shop.
 24816 | Orc:2    | Found a staircase to the Elven Halls.
 24834 | Orc:2    | Found a burning altar of Makhleb.
 24850 | Orc:2    | Found a runed translucent door.
 24850 | Orc:2    | Found a shimmering altar of Xom.
 24850 | Orc:2    | Noticed Esekla's ghost (journeyman BaWr)
 24855 | Orc:2    | Identified the +6 scimitar of Equivalence {chaos, *Slow
                  | MP+9 Str+7}
 24865 | Orc:2    | Reached skill level 1 in Shields
 24934 | Orc:2    | Killed Esekla's ghost
 25355 | Orc:2    | Paralysed by an orc sorcerer for 3 turns
 25528 | Orc:2    | Found Durchat's Gadget Boutique.
 25528 | Orc:2    | Found Noni's Book Shoppe.
 25530 | Orc:2    | Found Gicourug's Distillery.
 25530 | Orc:2    | Found Harchao's Antique Weapon Shoppe.
 25538 | Orc:2    | Bought a potion of heal wounds for 65 gold pieces
 25594 | Orc:2    | Bought a wand of scattershot (4) for 336 gold pieces
 26594 | D:14     | Reached skill level 5 in Shields
 26705 | D:15     | Entered Level 15 of the Dungeon
 27095 | D:15     | Reached skill level 15 in Maces & Flails
 27159 | D:15     | Found a shattered altar of Ashenzari.
 27360 | D:15     | Found a staircase to the Depths.
 27605 | Depths:1 | Entered Level 1 of the Depths
 27688 | Depths:1 | Noticed Mara
 27714 | Depths:1 | Killed Mara
 27714 | Depths:1 | Reached XP level 16. HP: 91/108 MP: 13/23
 27763 | Depths:1 | Found a gateway to Hell.
 27801 | Depths:1 | Identified the +1 scythe "Undertaker" {freeze, *Rage rPois
                  | MP+9 Str+4} (You found it on level 1 of the Depths)
 28104 | Depths:1 | Noticed a tengu reaver
 28776 | Hell     | Entered the Vestibule of Hell
 28776 | Hell     | Noticed Geryon
 28806 | Hell     | Noticed Murray
 29064 | Depths:1 | Reached ****** piety under the Shining One
 29157 | Depths:1 | Identified the cursed +0 tower shield of Thoughtfulness
                  | {*Contam Int+8}
 29179 | Depths:1 | Killed Murray
 29179 | Depths:1 | Reached skill level 10 in Shields
 30284 | Spider:1 | Entered Level 1 of the Spider Nest
 30284 | Spider:1 | Found the +3 crown of Dyrovepreva {rElec Int+2 SInv}
 30992 | Spider:1 | Identified the +1 chain mail "Xewoiqykk" {rC++ Stlth-} (You
                  | found it on level 1 of the Spider Nest)
 32019 | Spider:2 | Reached XP level 17. HP: 113/113 MP: 24/24
 32332 | Spider:2 | Identified the +3 chain mail "Cedo" {Dex+4} (You found it
                  | on level 2 of the Spider Nest)
 32793 | Spider:3 | Noticed Asterion
 33273 | Spider:3 | Killed Asterion
 33615 | Spider:3 | Reached skill level 15 in Shields
 34799 | Spider:3 | Noticed Arachne
 34821 | Spider:3 | Killed Arachne
 35085 | Spider:4 | Entered Level 4 of the Spider Nest
 35989 | Spider:4 | Reached XP level 18. HP: 117/119 MP: 25/25
 37229 | Spider:4 | Found a runed translucent door.
 37231 | Spider:4 | Found a shimmering altar of Xom.
 37231 | Spider:4 | Identified the +1 rapier "Worphula" {chaos, rElec rF+ rC+}
 37231 | Spider:4 | Noticed Glokmah's ghost (adept MiFi)
 37791 | Spider:4 | Got a gossamer rune of Zot
 38089 | Vaults:1 | Entered Level 1 of the Vaults
 38227 | Vaults:1 | Paralysed by an ogre mage for 2 turns
 39250 | Depths:2 | Noticed Louise
 39254 | Depths:2 | Found a one-way gate to the infinite horrors of the Abyss.
 39254 | Depths:2 | Paralysed by a vampire knight for 4 turns
 39557 | Hell     | Killed Geryon
 40605 | Hell     | Cast into level 3 of the Abyss (reaper)
 40696 | Abyss:4  | Reached XP level 19. HP: 124/124 MP: 27/27
 40884 | Abyss:4  | Gained mutation: You tend to lose your temper in combat. [a
                  | neqoxec]
 40891 | Abyss:4  | Noticed a bone dragon
 40893 | Abyss:4  | Noticed a tentacled monstrosity
 40894 | Abyss:4  | Noticed a tentacled monstrosity
 40900 | Abyss:4  | Got an abyssal rune of Zot
 40903 | Abyss:4  | Killed a tentacled monstrosity
 40904 | Abyss:4  | Killed a tentacled monstrosity
 40921 | Hell     | Escaped the Abyss
 40976 | Depths:1 | Killed a bone dragon
 41533 | Vaults:1 | Found Waru Qumusm's Gadget Boutique.
 43855 | Vaults:2 | Found a magical portal.
 43875 | WizLab   | Entered The Roulette of Golubria
 43875 | WizLab   | Found a transporter.
 43904 | WizLab   | Found a corrupted altar of Lugonu.
 44056 | WizLab   | Found a transporter.
 44117 | WizLab   | Found a transporter.
 44168 | WizLab   | Found a transporter.
 44188 | WizLab   | Paralysed by accursed screaming for 1 turns
 44191 | WizLab   | Found a transporter.
 44191 | WizLab   | Found a transporter.
 44191 | WizLab   | Found a corrupted altar of Lugonu.
 44499 | WizLab   | Found a transporter.
 44545 | WizLab   | Found a transporter.
 44706 | WizLab   | Found a transporter.
 44706 | WizLab   | Found a transporter.
 44839 | WizLab   | Found a transporter.
 44868 | WizLab   | Found a transporter.
 44868 | WizLab   | Found a transporter.
 44918 | WizLab   | Found a transporter.
 44975 | WizLab   | Found a transporter.
 44975 | WizLab   | Found a transporter.
 45045 | WizLab   | Found a transporter.
 45045 | WizLab   | Found a transporter.
 45111 | WizLab   | Identified Golubria's Catalogue of the Traveller
 45134 | WizLab   | Identified the +2 cloak of Qitor {rPois rF+ Str+9 Dex-4}
                  | (You found it in a wizard's laboratory)
 45140 | WizLab   | Identified the +2 cloak of the Big Bang {Int+4} (You found
                  | it in a wizard's laboratory)
 45230 | WizLab   | Found a transporter.
 45230 | WizLab   | Found a transporter.
 45740 | Vaults:2 | Reached XP level 20. HP: 60/129 MP: 21/30
 46280 | Vaults:2 | Found Otik's Magic Scroll Shoppe.
 46291 | Vaults:2 | Bought a scroll of acquirement for 884 gold pieces
 46292 | Vaults:2 | Identified the ring "Vuytoaf" {MR+ AC+5 Int+3} (You
                  | acquired it on level 2 of the Vaults)
 46292 | Vaults:2 | Identified the +1 helmet of a treasure trove {rElec rPois
                  | rF+} (You acquired it on level 2 of the Vaults)
 46338 | Vaults:2 | Bought a scroll of magic mapping for 59 gold pieces
 46338 | Vaults:2 | Bought a scroll of identify for 34 gold pieces
 46338 | Vaults:2 | Bought a scroll of identify for 34 gold pieces
 46792 | Vaults:2 | Found a staircase to the Crypt.
 46792 | Vaults:2 | Found an ancient bone altar of Kikubaaqudgha.
 46793 | Vaults:2 | Found a basalt altar of Yredelemnul.
 46800 | Crypt:1  | Entered Level 1 of the Crypt
 47292 | Crypt:1  | Reached skill level 15 in Invocations
 48787 | Crypt:3  | Entered Level 3 of the Crypt
 49201 | Crypt:3  | Reached XP level 21. HP: 134/134 MP: 33/33
 49274 | Crypt:3  | HP: 1/134 [crystal guardian/crystal bolt (56)]
 49968 | Crypt:3  | Identified a +5 sacred scourge of holy wrath (a +3 demon
                  | whip blessed by the Shining One)
 49968 | Crypt:3  | Received a gift from the Shining One
 50798 | Hell     | Found a gateway to the decaying netherworld of Tartarus.
 50869 | Hell     | Found a gateway to the ashen valley of Gehenna.
 50902 | Hell     | Found a gateway to the Iron City of Dis.
 50962 | Hell     | Found a gateway to the freezing wastes of Cocytus.
 51633 | Crypt:3  | Noticed an ancient lich
 51641 | Crypt:3  | Killed an ancient lich
 51643 | Crypt:3  | Found an ancient bone altar of Kikubaaqudgha.
 51685 | Crypt:3  | Got an ancient ruby amulet
 51688 | Crypt:3  | Identified the amulet "Pasaod" {rF++ MR- Regen+ Slay+2
                  | Stlth+} (You found it on level 3 of the Crypt)
 51691 | Crypt:3  | Got an ancient amber ring
 51692 | Crypt:3  | Identified the ring "Kemitz" {rPois rF- rN+ MP+9} (You
                  | found it on level 3 of the Crypt)
 51693 | Crypt:3  | Identified the ring "Wanietib" {rC- rN+ Int+6} (You found
                  | it on level 3 of the Crypt)
 51872 | Crypt:3  | Found a staircase to the Tomb.
 52106 | Crypt:3  | Noticed a bone dragon
 52118 | Crypt:3  | Killed a bone dragon
 52148 | Crypt:3  | Found the +5 scythe "Finisher" {speed, eviscerate}
 52174 | Crypt:3  | Identified the Almanac of Confrontation
 52568 | Shoals:1 | Entered Level 1 of the Shoals
 54091 | Shoals:2 | Identified the +10 whip of Shame {holy, MR+ Str+3} (You
                  | found it on level 2 of the Shoals)
 54457 | Shoals:2 | Reached XP level 22. HP: 125/140 MP: 35/35
 54532 | Shoals:2 | Identified the cursed +1 ring mail of Generosity {rCorr}
                  | (You found it on level 2 of the Shoals)
 55169 | Shoals:3 | Found Seczij's Assorted Antiques.
 55178 | Shoals:3 | Bought 2 potions of heal wounds for 350 gold pieces
 55427 | Shoals:4 | Entered Level 4 of the Shoals
 56386 | Shoals:4 | Identified the +7 rapier of Disorder {chaos, +Fly MR- Str+8
                  | SInv} (You found it on level 4 of the Shoals)
 56459 | Shoals:4 | Noticed Ilsuiw
 56507 | Shoals:4 | Killed Ilsuiw
 57341 | Shoals:4 | Got a barnacled rune of Zot
 58075 | Lair:6   | Identified the +8 scimitar of Ujoppem {holy, *Drain +Fly
                  | Dex+3} (You found it on level 6 of the Lair of Beasts)
 58871 | Depths:2 | Killed Louise
 59419 | Depths:3 | Found a glowing golden altar of the Shining One.
 59419 | Depths:3 | Noticed Bai Suzhen
 59461 | Depths:3 | Killed Bai Suzhen
 59476 | Depths:3 | Found a one-way gate leading to the halls of Pandemonium.
 59876 | Depths:3 | Found a gateway to a bazaar.
 59950 | Bazaar   | Entered a bazaar
 59957 | Bazaar   | Found Jeledit's General Store.
 59966 | Bazaar   | Found Wontiat's Armour Boutique.
 59976 | Bazaar   | Found Roblih's Distillery.
 59978 | Bazaar   | Found Ukoguz's Armour Shoppe.
 59983 | Bazaar   | Found Luciphu's Antique Armour Emporium.
 59992 | Bazaar   | Bought an ancient chain mail for 351 gold pieces
 59992 | Bazaar   | Identified the +2 chain mail "Zumirchi" {rF- Str+7 Int+3}
                  | (You bought it in a shop in a bazaar)
 60003 | Bazaar   | Bought a potion of haste for 150 gold pieces
 60003 | Bazaar   | Bought a potion of mutation for 120 gold pieces
 60024 | Bazaar   | Bought a scroll of enchant armour for 75 gold pieces
 60024 | Bazaar   | Bought a potion of haste for 100 gold pieces
 60037 | Bazaar   | Bought a +0 pair of gloves of strength for 126 gold pieces
 60046 | Bazaar   | Bought 2 potions of heal wounds for 150 gold pieces
 60046 | Bazaar   | Bought a potion of curing for 45 gold pieces
 60046 | Bazaar   | Bought a potion of curing for 45 gold pieces
 60046 | Bazaar   | Bought a potion of magic for 120 gold pieces
 60046 | Bazaar   | Bought a potion of might for 60 gold pieces
 60075 | Depths:3 | Noticed Xtahua
 60532 | Tomb:1   | Entered Level 1 of the Tomb of the Ancients
 61179 | Tomb:1   | Identified the +3 war axe "Efration" {vorpal, rF+ rC+ Str-3
                  | Dex+7} (You found it on level 1 of the Tomb of the
                  | Ancients)
 61190 | Tomb:1   | Reached XP level 23. HP: 144/144 MP: 36/36
 61976 | Tomb:1   | Noticed an ancient lich
 62058 | Tomb:1   | Killed an ancient lich
 62462 | Tomb:1   | Noticed a greater mummy
 62486 | Tomb:1   | Killed a greater mummy
 63409 | Elf:1    | Entered Level 1 of the Elven Halls
 63870 | Elf:1    | Found an ancient bone altar of Kikubaaqudgha.
 65121 | Elf:2    | Found a runed translucent gate.
 65121 | Elf:2    | Found a runed translucent gate.
 65121 | Elf:2    | Found a runed translucent gate.
 65773 | Elf:2    | Reached XP level 24. HP: 140/151 MP: 38/38
 65931 | Elf:3    | Entered Level 3 of the Elven Halls
 66178 | Vaults:1 | Bought a wand of scattershot (6) for 510 gold pieces
 67277 | Elf:3    | Identified the +7 mace of the Dove {vorpal, rPois}
 67277 | Elf:3    | Identified the +0 acid dragon scales of Necka {-Tele rPois
                  | rN+ rCorr}
 67489 | Elf:3    | Identified the ring of Cicilliu {Fire Int+5}
 67538 | Elf:3    | Identified the cursed +2 trident of Forced Transition
                  | {drain, rElec SInv}
 67777 | Elf:3    | Identified the cursed +0 scale mail "Voqeali" {rC+ MP+9
                  | Str+2 Dex-5}
 67849 | Elf:3    | Identified the cursed +0 plate armour of Unreason {Str+2
                  | Int-4 Dex+4}
 67919 | Elf:3    | Identified the Guide on Protection and Clay
 67974 | Elf:3    | Identified the Compendium of Dusty Toxins
 68043 | Elf:3    | Identified the Tome of Evil and Fire
 68054 | Elf:3    | Identified the +0 helmet of the Onion {rPois Regen+ Dex+2}
                  | (You found it on level 3 of the Elven Halls)
 69222 | Vaults:3 | Noticed Aizul
 69245 | Vaults:3 | Killed Aizul
 69749 | Vaults:3 | Noticed Saint Roka
 69752 | Vaults:3 | Noticed Boris
 70158 | Vaults:4 | Found Bonagof's Magic Scroll Boutique.
 70166 | Vaults:4 | Bought 3 scrolls of silence for 315 gold pieces
 70199 | Vaults:4 | Reached skill level 1 in Stealth
 70199 | Vaults:4 | Reached XP level 25. HP: 119/159 MP: 35/39
 70398 | Vaults:4 | Found a ruined gateway.
 70444 | Desolati | Entered the Desolation of Salt
 71057 | Desolati | Reached skill level 5 in Stealth
 71137 | Desolati | Identified the Almanac of the Special Cities
 71223 | Desolati | Identified Tauw's Collected Works on Attacks
 71854 | Desolati | Identified the Papyrus of Entrancing Cold
 71860 | Desolati | Got a flickering pewter ring
 71861 | Desolati | Identified the ring of Penamp {*Contam rCorr Dex+3 Stlth+}
                  | (You found it in the Desolation of Salt)
 71878 | Desolati | Identified the Collected Works on Assistive Fire
 71925 | Desolati | Got a sapphire dagger
 71933 | Desolati | Identified Sif Muna's Grimoire of Unholy Intoxication
 72054 | Vaults:4 | Identified the +8 dagger of Arrival {freeze, *Slow Str+2
                  | Int+7} (You found it in the Desolation of Salt)
 73560 | Vaults:3 | Killed Boris
 73914 | Spider:4 | Killed Glokmah's ghost
 73917 | Spider:4 | Identified the cursed +1 chain mail of Shadows and Fog
                  | {rC+} (You found it on level 4 of the Spider Nest)
 74245 | Vaults:3 | Killed Saint Roka
 75093 | Vaults:3 | Reached XP level 26. HP: 166/170 MP: 39/39
 76468 | Depths:4 | Identified the cursed +2 broad axe of Bankruptcy {distort,
                  | rPois rF+}
 76468 | Depths:4 | Identified the cursed +0 leather armour of Apathy {rF+ MR+
                  | Stlth-}
 76569 | Depths:4 | Got a slimy hand axe
 76643 | Depths:4 | Identified the +6 rapier of Rullyos {freeze, +Fly rElec
                  | Str+3 Dex+3}
 76750 | Depths:4 | Found a gateway to a ziggurat.
 76927 | Depths:4 | Noticed Agnes
 76946 | Depths:4 | Killed Agnes
 77186 | Depths:4 | Found Saniar's Gadget Boutique.
 77186 | Depths:4 | Found Faiquam's Jewellery Shoppe.
 77187 | Depths:4 | Found Feahiuc's Jewellery Shoppe.
 77335 | Depths:4 | Found Tiovufos's Antique Weapon Shop.
 77447 | Depths:5 | Entered Level 5 of the Depths
 78222 | Depths:5 | Identified the +8 demon trident of jt's Sudden Death {pain,
                  | Str+3}
 78284 | Depths:5 | Found a gate to the Realm of Zot.
 78816 | Depths:5 | Reached skill level 27 in Invocations
 78820 | Depths:5 | Noticed a juggernaut
 78823 | Depths:5 | Noticed a juggernaut
 78825 | Depths:5 | Reached XP level 27. HP: 180/180 MP: 40/40
 78847 | Depths:5 | Killed a juggernaut
 78848 | Depths:5 | Killed a juggernaut
 78978 | Depths:5 | Noticed an ancient lich
 78990 | Depths:5 | Killed an ancient lich
 79035 | Depths:5 | Identified the cursed +0 morningstar of True Grit {drain,
                  | +Fly} (You found it on level 5 of the Depths)
 79460 | Depths:3 | Noticed Margery
 79483 | Depths:3 | Killed Margery
 80202 | Depths:3 | Killed Xtahua
 80244 | Depths:3 | Lost mutation: You tend to lose your temper in combat.
                  | [potion of mutation]
 80244 | Depths:3 | Gained mutation: You are robust. (+10% HP) [potion of
                  | mutation]
 80244 | Depths:3 | Gained mutation: You have a beak for a mouth. [potion of
                  | mutation]
 80739 | Vaults:5 | Entered Level 5 of the Vaults
 81131 | Vaults:5 | Identified the ring "Atytiy" {*Drain rPois rF+ Str+3}
 81282 | Vaults:5 | Identified the +0 chain mail "Udghoixeq" {Slay+3}
 81302 | Vaults:5 | Got a scintillating granite ring
 81402 | Vaults:5 | Identified the +4 hand axe of Hoor {flame, rPois rF+ rC-}
                  | (You found it on level 4 of the Depths)
 81404 | Vaults:5 | Identified the ring of Fuoguz {rElec rCorr Str+3 Int+4
                  | Dex-5} (You found it on level 5 of the Vaults)
 81416 | Vaults:5 | Identified the cursed +1 dagger of Moschyag {vorpal, +Inv
                  | rPois MR++ Str+2} (You found it on level 5 of the Vaults)
 81435 | Vaults:5 | Got a polished rapier
 81678 | Vaults:5 | Got a fine marble ring
 81679 | Vaults:5 | Identified the ring "Fiut" {rF+ Dex+2 Stlth+} (You found it
                  | on level 5 of the Vaults)
 81699 | Vaults:5 | Found the +1 cloak of Starlight {rElec rC+ EV+4 Stlth--}
 81756 | Vaults:5 | Got a faintly glowing cloak
 81758 | Vaults:5 | Identified the +4 rapier of Gravity {vorpal, rElec rF+ rN+}
                  | (You found it on level 5 of the Vaults)
 81792 | Vaults:5 | Got a silver rune of Zot
 81895 | Vaults:5 | Identified the +9 battleaxe "Duafo" {venom, rC++ Str-4
                  | Dex+3}
 82106 | Vaults:5 | Identified the cursed +0 cloak of Leminoir {rPois} (You
                  | found it on level 5 of the Vaults)
 83055 | Dis:1    | Entered Level 1 of the Iron City of Dis
 84308 | Dis:7    | Entered Level 7 of the Iron City of Dis
 84336 | Dis:7    | Found a huge runed gate.
 84346 | Dis:7    | Found a huge runed gate.
 84346 | Dis:7    | Found a huge runed gate.
 84347 | Dis:7    | Found a huge runed gate.
 84349 | Dis:7    | Found a huge runed gate.
 84350 | Dis:7    | Found a huge runed gate.
 84357 | Dis:7    | Found a huge runed gate.
 84358 | Dis:7    | Found a huge runed gate.
 84359 | Dis:7    | Found a huge runed gate.
 84363 | Dis:7    | Found a huge runed gate.
 84413 | Dis:7    | Reached skill level 27 in Fighting
 84425 | Dis:7    | Reached skill level 15 in Armour
 84425 | Dis:7    | Reached skill level 1 in Dodging
 84935 | Dis:7    | Reached skill level 5 in Dodging
 85398 | Dis:7    | Identified the +4 hand crossbow of the Boiling Point {elec,
                  | Dex+2} (You found it on level 7 of the Iron City of Dis)
 85690 | Dis:7    | Got a dazzling broad axe
 85873 | Dis:7    | Got a brightly glowing great mace
 85929 | Dis:7    | Identified the +9 whip "Disobus" {vorpal, rF+ Dex+3}
 85948 | Dis:7    | Identified the +4 staff of Dispater
 85948 | Dis:7    | Noticed Dispater
 85967 | Dis:7    | Killed Dispater
 85978 | Dis:7    | Got an iron rune of Zot
 86067 | Hell     | Identified the +7 broad axe "Spiderbane" {holy, rElec rPois
                  | rC- rN+ Str+3} (You found it on level 7 of the Iron City of
                  | Dis)
 86070 | Hell     | Identified the +5 great mace of a wizard's laboratory
                  | {holy, rF+ rN+} (You found it on level 7 of the Iron City
                  | of Dis)
 86119 | Tar:1    | Entered Level 1 of Tartarus
 86477 | Tar:3    | Learned a level 1 spell: Apportation
 86547 | Tar:4    | Reached skill level 1 in Spellcasting
 86547 | Tar:4    | Reached skill level 1 in Translocations
 86738 | Tar:7    | Entered Level 7 of Tartarus
 87023 | Tar:7    | Reached skill level 5 in Spellcasting
 87028 | Tar:7    | Reached skill level 5 in Translocations
 87033 | Tar:7    | Noticed an ancient lich
 87045 | Tar:7    | Killed an ancient lich
 87102 | Tar:7    | Noticed Ereshkigal
 87120 | Tar:7    | Killed Ereshkigal
 87135 | Tar:7    | Found the +8 mithril axe "Arga" {speed, MR+}
 87190 | Tar:7    | Got a bone rune of Zot
 87337 | Tar:7    | Identified the Tome of Ignition
 87339 | Tar:7    | Identified Seinakhlita's Compendium of the Dusty Compass
 87524 | Tar:7    | Got a warped plate armour
 87834 | Vaults:4 | Bought a scroll of identify for 28 gold pieces
 87834 | Vaults:4 | Bought 2 scrolls of identify for 56 gold pieces
 87834 | Vaults:4 | Bought a scroll of identify for 28 gold pieces
 87834 | Vaults:4 | Identified the cursed +1 plate armour of Tempters {Regen+
                  | Str+3 SInv} (You found it on level 7 of Tartarus)
 88088 | Depths:5 | Identified the +7 hand crossbow "Tihain" {vorpal, rElec
                  | rC++} (You found it on level 5 of the Depths)
 88173 | Zot:1    | Entered Level 1 of the Realm of Zot
 88216 | Zot:1    | Reached skill level 10 in Evocations
 91507 | Zot:2    | Found a sacrificial altar of Ru.
 92466 | Zot:3    | Reached skill level 10 in Translocations
 92760 | Zot:3    | Identified the Guide on Ice (You acquired it on level 3 of
                  | the Realm of Zot)
 93961 | Vaults:2 | Bought a scroll of blinking for 127 gold pieces
 93961 | Vaults:2 | Bought a scroll of blinking for 127 gold pieces
 93961 | Vaults:2 | Bought a scroll of enchant armour for 127 gold pieces
 93961 | Vaults:2 | Bought a scroll of identify for 34 gold pieces
 94081 | Vaults:4 | Bought a scroll of enchant armour for 105 gold pieces
 95057 | Zig:1    | Entered Level 1 of a ziggurat
 95096 | Zig:2    | Entered Level 2 of a ziggurat
 95147 | Zig:3    | Entered Level 3 of a ziggurat
 95150 | Zig:3    | Noticed Kyesenusk the pandemonium lord
 95157 | Zig:3    | Killed Kyesenusk the pandemonium lord
 95275 | Zig:4    | Entered Level 4 of a ziggurat
 95280 | Zig:4    | Paralysed by accursed screaming for 1 turns
 95285 | Zig:4    | Paralysed by accursed screaming for 1 turns
 95314 | Zig:5    | Entered Level 5 of a ziggurat
 95399 | Zig:5    | Identified the +8 plate armour "Lyityn" {+Inv rC++ Str-2
                  | Slay+4} (You found it on level 5 of a ziggurat)
 95415 | Zig:6    | Entered Level 6 of a ziggurat
 95425 | Zig:6    | Reached skill level 5 in Throwing
 95449 | Zig:6    | Reached skill level 15 in Evocations
 95495 | Zig:7    | Entered Level 7 of a ziggurat
 95565 | Zig:7    | Identified Advanced Sorcery
 95582 | Zig:8    | Entered Level 8 of a ziggurat
 95587 | Zig:8    | Noticed an ancient lich
 95588 | Zig:8    | Noticed an ancient lich
 95599 | Zig:8    | Killed an ancient lich
 95604 | Zig:8    | Killed an ancient lich
 95620 | Zig:8    | Identified the Grimoire of the Glacier
 95636 | Zig:8    | Identified the cursed ring of Moodiness {*Drain rC+ rN+++
                  | Str-3 Int+3} (You found it on level 8 of a ziggurat)
 95655 | Zig:8    | Identified the +5 hand crossbow "Sommuts" {penet, *Corrode
                  | Str+2 Int+3 Dex+2} (You found it on level 8 of a ziggurat)
 95670 | Zig:9    | Entered Level 9 of a ziggurat
 95677 | Zig:9    | Noticed Abus the pandemonium lord
 95695 | Zig:9    | Killed Abus the pandemonium lord
 95759 | Zig:9    | Identified the ring "Ylodaimp" {rC+ MR+ Slay+2} (You found
                  | it on level 9 of a ziggurat)
 95822 | Zig:10   | Entered Level 10 of a ziggurat
 95832 | Zig:10   | Found the +2 robe of Vines {NoPotionHeal Regen+7}
 95916 | Zig:10   | Identified the +4 flail of Dung {holy, rC+ Str+2 SInv} (You
                  | found it on level 10 of a ziggurat)
 95926 | Zig:10   | Identified the +2 spear of the Shining Light {distort, rF+
                  | MP+9 Str+5 Dex-2} (You found it on level 10 of a ziggurat)
 97268 | Zot:5    | Entered Level 5 of the Realm of Zot
 97355 | Zot:5    | Reached skill level 10 in Throwing
 97597 | Zot:5    | Identified the +2 chain mail of Pan-Flutes {SInv} (You
                  | found it on level 5 of the Realm of Zot)
 97885 | Zot:5    | Learned a level 4 spell: Leda's Liquefaction
 97900 | Zot:5    | Reached skill level 1 in Hexes
 97900 | Zot:5    | Reached skill level 1 in Earth Magic
 97921 | Zot:5    | Learned a level 2 spell: Blink
 97930 | Zot:5    | Noticed an ancient lich
 97949 | Zot:5    | Killed an ancient lich
 98090 | Zot:5    | Noticed an orb of fire
 98424 | Zot:5    | Noticed an ancient lich
 98437 | Zot:5    | Noticed an orb of fire
 98438 | Zot:5    | Gained mutation: Your spells are a little easier to cast,
                  | but a little less powerful. [an orb of fire]
 98443 | Zot:5    | Killed an ancient lich
 98453 | Zot:5    | Killed an orb of fire
 98453 | Zot:5    | Reached skill level 5 in Earth Magic
 98502 | Zot:5    | Reached skill level 5 in Hexes
 98513 | Zot:5    | Gained mutation: Your mind is acute. (Int +2) [an orb of
                  | fire]
 98520 | Zot:5    | Killed an orb of fire
 98949 | Zot:5    | Got the Orb of Zot
 99112 | Zot:1    | Reached skill level 10 in Earth Magic
 99474 | D:4      | Noticed Eluf the pandemonium lord
 99479 | D:4      | Noticed a seraph
 99523 | D:1      | Noticed Heuluje the pandemonium lord
 99533 | D:1      | Killed Heuluje the pandemonium lord
 99578 | D:$      | Escaped with the Orb!

Levels and vault maps discovered:
D:1:      lemuel_arrival_behind_the_door_small, layout_rooms
D:2:      layout_loops_ring, nicolae_overflow_hidden_temple, minmay_diced_spiral
D:3:      layout_basic, tso_altar, serial_undead, serial_undead_f,
          serial_undead_d, serial_undead_e, serial_undead_b, chequers_jeans,
          serial_bayou_lagoon_b
D:4:      layout_gridville, serial_shops, shop_statue, corexii_shack,
          hangedman_feature_mirror
D:5:      layout_basic, first_ration, fedhas_altar_2
D:6:      layout_layer_cave, grunt_gozag_breadcrumbs, gammafunk_ghost_mausoleum,
          chequers_serial_rivers_small_b, kennysheep_slug_shrine, uniq_menkaure,
          uniq_edmund, uniq_duvessa
D:7:      layout_gridville, minmay_temple_entry_offerings
D:8:      layout_basic, nicolae_overflow_crystal_walls
D:9:      layout_stronghold, serial_glass, glass_columns_b, glass_columns_c,
          the_bakery, grunt_ministairs_15
D:10:     layout_basic, minmay_lair_entry_grove, lightli_wizard_tower
D:11:     layout_rooms, kennysheep_orc_monster_closet_entryway
D:12:     layout_gridville, serial_park_tiny_2, statue_in_the_mist_lemuel
D:13:     layout_irregular_city, erik_vaults_1, basic_altar,
          onia_ninara_dug_in_and_dangerous
D:14:     layout_rooms, lemuel_another_geyser
D:15:     grunt_enter_depths_snipers, layout_rooms, basic_altar,
          grunt_ministairs_4, nrook_guardian_serpent_double
Lair:1:   layout_regular_city, grunt_megastairs_4
Lair:2:   lemuel_slime, layout_cave_pods, shoals_dummy_entry,
          spider_nest_entry_webs, nicolae_quartered_pool_medium,
          lemuel_oklob_altar
Lair:3:   layout_loops_ring, gauntlet_entry_generic
Lair:4:   layout_small_grid, portal_ice_cave_entry_pillars_1
Lair:5:   layout_hall_layers
Lair:6:   guppyfry_lair_end_dragon, layout_regular_city,
          minmay_slime_entry_jelly_boxes, grunt_megastairs_2,
          infiniplex_staircase_pool_2, lemuel_fruit_fields,
          minmay_lair_oklob_chamber
Shoals:1: layout_shoals, nicolae_shoals_so_close
Shoals:2: layout_shoals
Shoals:3: layout_shoals, serial_shops, nicolae_shop_overgrown_old_shop
Shoals:4: shoals_end_grunt_ice, layout_shoals, shoal_ilsuiw
Spider:1: layout_spider_delve
Spider:2: layout_spider_delve
Spider:3: nicolae_spider_corner, uniq_arachne, uniq_asterion
Spider:4: grunt_spider_rune_parallel, ebering_ghost_xom
Orc:1:    layout_caves, basic_altar
Orc:2:    grunt_orc_tribal_feast, layout_diamond_mine, serial_shops,
          shop_fountains, ebering_ghost_xom, bloody_makhleb
Elf:1:    layout_geoelf_grid, basic_altar, minivault_28, item_on_display_a
Elf:2:    layout_geoelf_octagon, guppyfry_elf_garden
Elf:3:    elf_hall_gauntlet_narrow, layout_geoelf_octagon, st_stairs_5
Vaults:1: nicolae_vaults_windows_and_doors_thing, ontoclasm_vaults_hangar,
          nicolae_vaults_little_squares_2, vaults_room_stairs_pillars,
          ontoclasm_vaults_loading_screen, nicolae_vaults_mini_display_case,
          nicolae_vaults_little_squares_2, layout_vaults_omnigrid, serial_shops,
          nicolae_shop_trees
Vaults:2: grunt_vaults_focal, vaults_mumra_chevron,
          minmay_crypt_entry_necro_gods, vaults_mumra_lcd, v_misc_31,
          ontoclasm_vaults_fire_temple, ontoclasm_vaults_decontamination,
          hangedman_vaults_stream, v_misc_25, nicolae_vaults_hallways_thing,
          nicolae_vaults_diagonal_hallway_8, layout_vaults_omnibox,
          serial_shops, shop, mu_enter_wizlab_1
Vaults:3: hangedman_vaults_stagger, grunt_vaults_hallway_short, st_lines,
          vaults_room_grid, hangedman_vaults_cutoff, nicolae_vaults_triangles,
          vaults_mumra_chevron_long, ontoclasm_vaults_eye, vaults_dpeg_hooks,
          vaults_standard_mumra_x, nicolae_vaults_shelves_hall,
          layout_vaults_ring, uniq_aizul, uniq_boris, uniq_saint_roka
Vaults:4: ontoclasm_vaults_ring_small, nicolae_vaults_network_barrier,
          v_misc_10, vaults_room_pool, v_misc_12, vaults_room_octagon,
          nicolae_vaults_little_squares_4, hangedman_vaults_slither,
          vaults_room_stairs_pillars, nicolae_vaults_asterisk, vaults_dpeg_ring,
          ontoclasm_vaults_twist, ontoclasm_vaults_loading_screen,
          v_alt_pattern_6, layout_vaults_big_cross,
          portal_desolation_entry_garden, serial_shops, shop
Vaults:5: serial_shops
Crypt:1:  layout_misc_corridors, nicolae_crypt_soggy_tomb,
          minmay_misc_feat_columns, grunt_crypt_arrival_guarded_gate
Crypt:2:  layout_gridlike, grunt_megastairs_3
Crypt:3:  cryptofortress_bobbens
Tomb:1
Depths:1: layout_cave_pools, chequers_serial_rivers_micro_a,
          grunt_mini_vestibule, grunt_decor_arrowhead, drop_trap,
          horrible_house_mu, uniq_mara
Depths:2: lemuel_flame_loot_2, layout_basic, hangedman_decor_slide_cut,
          nicolae_abyss_entry_one_way_or_another, pf_coc_iceberg
Depths:3: abrahamwl_protected_by_tso_2, layout_basic, rand_demon_pan_entry_9,
          grunt_hell_entry_dis_old, serial_shops, bzr_entry_gold,
          uniq_bai_suzhen, uniq_xtahua, uniq_margery
Depths:4: minmay_the_grid_triangle_9x9_rhombus_thin_mashed
          [minmay_the_grid_triangle_9x9_pentomino_pain,
          minmay_the_grid_triangle_9x9_prize_top_heavy,
          minmay_the_grid_triangle_9x9_stretched_checkered,
          minmay_the_grid_triangle_9x9_checkered], layout_honeycomb,
          enter_ziggurat_e, grunt_pan_entry_in_and_out, hell_entry,
          serial_shops, kennysheep_little_box, abandoned_shop,
          abyss_entry_small_statue_room, sword_in_stone,
          minmay_staircase_bubble, minmay_shop_grove, serial_bayou_shore_a
Depths:5: hangedman_pleasuredromes, hell_entry
Hell
Dis:1:    layout_regular_city
Dis:2:    layout_regular_city
Dis:3:    layout_regular_city
Dis:4:    layout_subdivisions
Dis:5:    layout_jigsaw, hangedman_dis_decor_blocks_mantle
Dis:6:    layout_chaotic_city
Dis:7:    iron_city_of_dis [dis_grunt, dis_wall_5], layout_chaotic_city,
          door_vault
Tar:1:    layout_catacombs
Tar:2:    layout_grid_maze, nicolae_tar_cuneiform_three
Tar:3:    layout_grid_maze
Tar:4:    layout_honeycomb
Tar:5:    layout_grid_maze
Tar:6:    layout_cathedral_of_symmetry, hangedman_tartarus_temple_path
Tar:7:    tar_grunt_cathedral
Zot:1:    layout_misc_corridors, drop_trap, hangedman_zot_decor_checkerboard
Zot:2:    hangedman_orp_of_zott, layout_concentric_octagons,
          kennysheep_underground_church
Zot:3:    kennysheep_blocky_hall, layout_gridville, st_stairs_11
Zot:4:    layout_concentric_octagons
Zot:5:    layout_gridville

Skill      XL: |  1  2  3  4  5  6  7  8  9 10 11 12 13 14 15 16 17 18 19 20 21 22 23 24 25 26 27 |
---------------+----------------------------------------------------------------------------------+-----
Fighting       | 3 4 5 6 9 11 13 14 15 16 18 20 27 | 27.0
Maces & Flails | 3 5 7 10 11 14 15 16 17 | 17.0
Evocations     | 4 5 16 | 16.3
Invocations    | 4 6 9 10 11 14 16 18 19 22 24 25 27 | 27.0
Armour         | 8 10 12 14 21 | 21.8
Shields        | 7 13 17 19 21 22 23 24 25 | 25.0
Stealth        | 1 5 |  5.0
Dodging        | 8 |  8.0
Spellcasting   | 8 |  8.0
Translocations | 10 | 10.0
Throwing       | 13 | 13.0
Hexes          | 8 |  8.0
Earth Magic    | 10 | 10.4

Action                   |  1- 3 |  4- 6 |  7- 9 | 10-12 | 13-15 | 16-18 | 19-21 | 22-24 | 25-27 || total
-------------------------+-------+-------+-------+-------+-------+-------+-------+-------+-------++-------
Melee: Dagger            |   167 |    81 |       |       |       |       |       |       |       ||   248
       Whip              |       |   202 |       |       |       |       |       |       |       ||   202
       Flail             |       |    65 |   147 |       |       |       |       |       |       ||   212
       Dire flail        |       |       |   104 |   729 |  1007 |       |       |       |       ||  1840
       Morningstar       |       |       |       |       |   358 |  1932 |  1630 |       |       ||  3920
       Sacred scourge    |       |       |       |       |       |       |   539 |  2172 |  5869 ||  8580
       Peck              |       |       |       |       |       |       |       |       |  1019 ||  1019
 Fire: Hunting sling     |       |     7 |     4 |     9 |       |       |       |       |       ||    20
Throw: Dart              |     2 |       |    20 |    55 |       |   196 |    10 |     3 |       ||   286
       Boomerang         |       |       |       |       |    38 |    11 |       |    10 |       ||    59
       Javelin           |       |       |       |       |       |    21 |     2 |     8 |    30 ||    61
 Cast: Blink             |       |       |       |       |       |       |       |       |     2 ||     2
Invok: Divine Shield     |       |       |       |     1 |     6 |     1 |     1 |     2 |     4 ||    15
       Summon Divine War |       |       |       |       |     5 |     4 |     1 |     1 |     8 ||    19
       Cleansing Flame   |       |       |       |       |     6 |    14 |    36 |    21 |   156 ||   233
       Brand Weapon With |       |       |       |       |       |       |     1 |       |       ||     1
 Abil: Evoke Flight      |       |       |       |       |     1 |       |       |       |       ||     1
       Fly               |       |       |       |       |       |       |     3 |       |     2 ||     5
       Stop Flying       |       |       |       |       |       |       |     2 |       |     2 ||     4
Evoke: Wand              |       |       |     2 |     2 |     5 |     7 |     7 |     6 |     2 ||    31
       Lightning rod     |       |       |       |       |       |       |       |     4 |       ||     4
       Box of beasts     |       |       |       |       |       |       |       |       |     1 ||     1
  Use: Scroll            |       |     4 |     8 |     4 |    13 |     7 |    19 |     8 |    56 ||   119
       Potion            |       |       |     5 |     7 |     8 |     2 |     2 |     1 |    19 ||    44
  Eat: Chunk             |     1 |     9 |    11 |    29 |    33 |    22 |    12 |    28 |    70 ||   215
       Ration            |       |       |       |       |     3 |     8 |    11 |     8 |    16 ||    46
Armor: Ring mail         |    74 |   189 |       |       |       |       |       |       |       ||   263
       Chain mail        |       |    42 |   187 |    42 |       |       |       |       |       ||   271
       Plate armour      |       |       |       |   415 |  1038 |  1383 |   968 |   655 |  1440 ||  5899
       Gold dragon scale |       |       |       |       |       |       |       |       |   211 ||   211
Dodge: Dodged            |    88 |   202 |    96 |   162 |   284 |   314 |   270 |   196 |   566 ||  2178
Block: Other             |       |       |       |     9 |    15 |       |       |       |       ||    24
       Tower shield      |       |       |       |       |   356 |  2709 |  2490 |  1924 |  4658 || 12137
       Reflection        |       |       |       |       |    19 |     9 |    71 |   141 |   155 ||   395

Table legend:
 A = Non-vault XP
 B = Vault XP
 C = Vault XP percentage of total XP
 D = Non-vault monster count
 E = Vault monster count
 F = Vault count percentage of total count
                 A         B        C        D         E       F
            +---------+---------+-------+---------+---------+-------
      Total | 1307191 | 1208295 |  48.0 |    2207 |    1314 |  37.3
            +---------+---------+-------+---------+---------+-------
        D:1 |      58 |       0 |   0.0 |      28 |       0 |   0.0
        D:2 |      68 |       9 |  11.7 |      25 |       5 |  16.7
        D:3 |      94 |      38 |  28.8 |      14 |       4 |  22.2
        D:4 |     199 |      39 |  16.4 |      14 |       3 |  17.6
        D:5 |     445 |       0 |   0.0 |      17 |       0 |   0.0
        D:6 |    1262 |    1653 |  56.7 |      22 |      11 |  33.3
        D:7 |    1396 |       0 |   0.0 |      24 |       0 |   0.0
        D:8 |    1732 |       0 |   0.0 |      32 |       0 |   0.0
        D:9 |    4047 |     317 |   7.3 |      37 |       3 |   7.5
       D:10 |    2842 |    2288 |  44.6 |      38 |      15 |  28.3
       D:11 |     484 |    1288 |  72.7 |       9 |      19 |  67.9
       D:12 |    4040 |       0 |   0.0 |      23 |       0 |   0.0
       D:13 |    4518 |    4726 |  51.1 |      26 |       9 |  25.7
       D:14 |    6714 |       0 |   0.0 |      24 |       0 |   0.0
       D:15 |   10015 |    3540 |  26.1 |      38 |       6 |  13.6
     Lair:1 |    1404 |     700 |  33.3 |       7 |       5 |  41.7
     Lair:2 |    3348 |    1685 |  33.5 |      18 |      22 |  55.0
     Lair:3 |    5322 |       0 |   0.0 |      27 |       0 |   0.0
     Lair:4 |    2548 |       0 |   0.0 |      13 |       0 |   0.0
     Lair:5 |    7958 |       0 |   0.0 |      31 |       0 |   0.0
     Lair:6 |   14520 |    8574 |  37.1 |      39 |      43 |  52.4
   Shoals:1 |   16512 |     192 |   1.1 |      33 |       1 |   2.9
   Shoals:2 |   18386 |       0 |   0.0 |      34 |       0 |   0.0
   Shoals:3 |   11871 |       0 |   0.0 |      23 |       0 |   0.0
   Shoals:4 |   18903 |   24317 |  56.3 |      37 |      37 |  50.0
   Spider:1 |    8832 |       0 |   0.0 |      31 |       0 |   0.0
   Spider:2 |   14834 |       0 |   0.0 |      39 |       0 |   0.0
   Spider:3 |   21344 |   25904 |  54.8 |      60 |      42 |  41.2
   Spider:4 |   20289 |   22390 |  52.5 |      48 |      45 |  48.4
      Orc:1 |    3163 |       0 |   0.0 |      19 |       0 |   0.0
      Orc:2 |     605 |   10268 |  94.4 |       8 |      32 |  80.0
      Elf:1 |   22562 |    6180 |  21.5 |      44 |      12 |  21.4
      Elf:2 |   18671 |   23270 |  55.5 |      31 |      30 |  49.2
      Elf:3 |   19524 |   44306 |  69.4 |      29 |      31 |  51.7
   Vaults:1 |   22883 |    8968 |  28.2 |      45 |      11 |  19.6
   Vaults:2 |   45405 |   18116 |  28.5 |      65 |      24 |  27.0
   Vaults:3 |   36003 |   36192 |  50.1 |      50 |      48 |  49.0
   Vaults:4 |   51907 |   14153 |  21.4 |      76 |      19 |  20.0
   Vaults:5 |   27665 |  120969 |  81.4 |      34 |      95 |  73.6
    Crypt:1 |   30805 |    1122 |   3.5 |      55 |       4 |   6.8
    Crypt:2 |   20133 |    3787 |  15.8 |      29 |       4 |  12.1
    Crypt:3 |       0 |   66285 | 100.0 |       0 |      92 | 100.0
     Tomb:1 |    9588 |   53181 |  84.7 |      33 |      46 |  58.2
   Depths:1 |   38406 |   22106 |  36.5 |      47 |      33 |  41.2
   Depths:2 |   37358 |    1629 |   4.2 |      57 |       1 |   1.7
   Depths:3 |   42578 |   26472 |  38.3 |      60 |      19 |  24.1
   Depths:4 |   28714 |   31043 |  51.9 |      36 |      31 |  46.3
   Depths:5 |   13424 |  108205 |  89.0 |      18 |      93 |  83.8
       Hell |    8779 |   20815 |  70.3 |       7 |      28 |  80.0
      Dis:1 |   11204 |       0 |   0.0 |      14 |       0 |   0.0
      Dis:2 |    8974 |       0 |   0.0 |      13 |       0 |   0.0
      Dis:3 |   27810 |       0 |   0.0 |      54 |       0 |   0.0
      Dis:4 |   15481 |       0 |   0.0 |      24 |       0 |   0.0
      Dis:5 |    1456 |       0 |   0.0 |       1 |       0 |   0.0
      Dis:6 |   33673 |       0 |   0.0 |      52 |       0 |   0.0
      Dis:7 |   78152 |  116721 |  59.9 |      91 |      85 |  48.3
      Tar:1 |   24725 |       0 |   0.0 |      39 |       0 |   0.0
      Tar:2 |    6006 |       0 |   0.0 |       4 |       0 |   0.0
      Tar:3 |    1718 |       0 |   0.0 |       4 |       0 |   0.0
      Tar:4 |    5906 |       0 |   0.0 |       8 |       0 |   0.0
      Tar:5 |    9087 |       0 |   0.0 |      11 |       0 |   0.0
      Tar:6 |   14517 |       0 |   0.0 |      16 |       0 |   0.0
      Tar:7 |   72553 |   78691 |  52.0 |      89 |      48 |  35.0
      Zot:1 |   31539 |       0 |   0.0 |      22 |       0 |   0.0
      Zot:2 |   44156 |   50910 |  53.6 |      28 |      47 |  62.7
      Zot:3 |   53495 |   11237 |  17.4 |      31 |       7 |  18.4
      Zot:4 |   52461 |       0 |   0.0 |      31 |       0 |   0.0
      Zot:5 |   19111 |  147511 |  88.5 |       8 |      39 |  83.0
    Abyss:4 |    7815 |   11668 |  59.9 |      20 |       8 |  28.6
      Zig:1 |     683 |       0 |   0.0 |       4 |       0 |   0.0
      Zig:2 |    1886 |       0 |   0.0 |       4 |       0 |   0.0
      Zig:3 |    6253 |       0 |   0.0 |       3 |       0 |   0.0
      Zig:4 |    5617 |       0 |   0.0 |       9 |       0 |   0.0
      Zig:5 |    3640 |       0 |   0.0 |      13 |       0 |   0.0
      Zig:6 |    8262 |       0 |   0.0 |      10 |       0 |   0.0
      Zig:7 |    9672 |       0 |   0.0 |      11 |       0 |   0.0
      Zig:8 |   25116 |       0 |   0.0 |       8 |       0 |   0.0
      Zig:9 |   23460 |       0 |   0.0 |      12 |       0 |   0.0
     Zig:10 |   19561 |       0 |   0.0 |      14 |       0 |   0.0
      IceCv |       0 |   10616 | 100.0 |       0 |      38 | 100.0
     WizLab |    1044 |   19589 |  94.9 |       5 |      34 |  87.2
 Desolation |       0 |   42844 | 100.0 |       0 |      76 | 100.0
   Gauntlet |       0 |    3781 | 100.0 |       0 |       9 | 100.0
            +---------+---------+-------+---------+---------+-------
